 Dungeon Crawl Stone Soup version 0.20-a0 (webtiles) character file.

184 varam the Cudgeler (level 5, 0/32 HPs)
             Began as a Gargoyle Monk on Oct 27, 2016.
             Slain by an orc wizard
             ... wielding a +0 dagger
              (1 damage)
             ... on level 2 of the Dungeon.
             The game lasted 00:05:10 (2761 turns).

varam the Cudgeler (Gargoyle Monk)                  Turns: 2761, Time: 00:05:10

Health: 0/32       AC: 10    Str: 15    XL:     5   Next: 63%
Magic:  14/14      EV: 10    Int: 10    God:
Gold:   205        SH:  0    Dex: 13    Spells: 0 memorised, 4 levels left

rFire  . . .     SeeInvis +     p - +1 whip (flame)
rCold  . . .     Gourm    .     t - +0 scale mail
rNeg   + . .     Faith    .     (no shield)
rPois  ∞         Spirit   .     (no helmet)
rElec  +         Reflect  .     (no cloak)
rCorr  .         Harm     .     (no gloves)
MR     .....                    (no boots)
Stlth  +.........               (no amulet)
                                b - ring of magical power
                                g - ring of see invisible

@: no status effects
A: negative energy resistance 1, electricity resistance, unbreathing,
petrification resistance, rot immunity, AC +4
a: no special abilities


You were on level 2 of the Dungeon.
You were not hungry.

You visited 1 branch of the dungeon, and saw 3 of its levels.

You collected 205 gold pieces.

Inventory:

Hand Weapons
 p - a +1 whip of flaming (weapon)
Missiles
 r - 107 stones (quivered)
Armour
 t - a +0 scale mail (worn)
Jewellery
 b - a ring of magical power (right hand)
 g - a ring of see invisible (left hand)
Scrolls
 e - 3 scrolls of magic mapping {unknown}
 i - a scroll of enchant weapon {unknown}
 k - 3 scrolls of fog {unknown}
 q - 3 scrolls of remove curse {unknown}
 u - a scroll of teleportation {unknown}
Potions
 a - 2 potions of degeneration {unknown}
 f - a potion of cure mutation {unknown}
 h - 3 potions of flight {unknown}
 o - a potion of agility {unknown}
 v - a potion of haste {unknown}
 w - a potion of curing {unknown}
Comestibles
 c - 2 bread rations
 d - 2 chunks of flesh
 j - a slice of pizza
 l - a royal jelly
 m - a beef jerky
 n - 4 fruits
 s - 3 meat rations


   Skills:
 - Level 3.2 Fighting
 * Level 5.4 Maces & Flails
 + Level 2.9 Armour
 - Level 2.4 Dodging
 - Level 2.1 Stealth


You had 4 spell levels left.
You didn't know any spells.

Dungeon Overview and Level Annotations

Branches:
Dungeon (3/15)

Altars:
Fedhas
Nemelex Xobeh
Ru
Uskayaw


Innate Abilities, Weirdness & Mutations

You are resistant to torment.
Your stone body is resilient. (AC +4)
You are immune to poison.
You resist negative energy. (rN+)
You are resistant to electric shocks. (rElec)
You can survive without breathing.
You are immune to petrification.
You are immune to rotting.


Message History

Ouch! That really hurt!
* * * LOW HITPOINT WARNING * * *
You hit the orc priest. You burn the orc priest.
You kill the orc priest!
The orc wizard points at you and mumbles some strange words.
The puff of frost hits you!
* * * LOW HITPOINT WARNING * * *
You climb upwards.
There is a stone staircase leading down here.
You hit the orc wizard. You burn the orc wizard.
The orc wizard is moderately wounded.
The orc wizard closely misses you.
The orc wizard casts a spell.
You miss the orc wizard.
The orc wizard is moderately wounded.
The orc wizard closely misses you.
You hit the orc wizard. You burn the orc wizard.
The orc wizard is heavily wounded.
The orc wizard hits you with a dagger.
You die...

#####..................#
##.#.#.#.#.#.#.#.#.#
#..................#
##.#.#.#.#.#.#.#.###
#.................#
##.#.#.#.#.#.#.#.##
#.............)...#
##.#.#.#.#.#.#.#.##
#...........@.....#
##.#.#.#.#.#o#.#.##
##.####.####..###
#...........##
#######.###########
#.......# #.####### #.#
#.#


You could see an orc wizard.

Vanquished Creatures
  An orc priest (D:3)
  4 gnolls
  2 adders
  A worm (D:2)
  4 dart slugs
  4 leopard geckos
  4 orcs (D:3)
  2 ball pythons
  6 bats
  3 giant cockroaches
  6 hobgoblins
  11 jackals
  13 kobolds
  A quokka (D:2)
  3 frilled lizards (D:2)
  5 goblins
  6 rats
76 creatures vanquished.

Notes
Turn   | Place    | Note
-------+----------+-------------------------------------------
     0 | D:1      | varam the Gargoyle Monk began the quest for the Orb.
     0 | D:1      | Reached XP level 1. HP: 14/14 MP: 1/1
    72 | D:1      | Reached XP level 2. HP: 15/19 MP: 2/2
   622 | D:1      | Reached skill level 4 in Maces & Flails
   771 | D:1      | Reached XP level 3. HP: 21/23 MP: 3/3
   824 | D:1      | Reached skill level 1 in Armour
  1276 | D:2      | Reached XP level 4. HP: 27/28 MP: 4/4
  2200 | D:2      | Reached XP level 5. HP: 16/32 MP: 5/5
  2450 | D:3      | Reached skill level 5 in Maces & Flails
  2514 | D:3      | Found a sparkling altar of Nemelex Xobeh.
  2515 | D:3      | Found a sacrificial altar of Ru.
  2515 | D:3      | Found a hide-covered altar of Uskayaw.
  2530 | D:3      | Found a blossoming altar of Fedhas.
  2757 | D:3      | HP: 1/32 [orc wizard/puff of frost (3)]
  2761 | D:2      | Slain by an orc wizard

Vault maps used:
D:1:      matt_arrival_refuge, minmay_tetromino_t2
D:2:      cheibrodos_helix_gallery, st_stairs_11
D:3:      nicolae_overflow_quartered_altars

Skill      XL: |  1  2  3  4  5 |
---------------+----------------+-----
Maces & Flails | 4 5 |  5.4
Armour         | 1 2 |  2.9
Fighting       | |  3.2
Dodging        | |  2.4
Stealth        | |  2.1

Action                   |  1- 3 |  4- 6 || total
-------------------------+-------+-------++-------
Melee: Mace              |   108 |    19 ||   127
       Whip              |    23 |   150 ||   173
Throw: Stone             |       |     3 ||     3
 Stab: Sleeping          |     3 |       ||     3
  Eat: Chunk             |     1 |     5 ||     6
Armor: Robe              |     7 |       ||     7
       Leather armour    |    40 |    18 ||    58
       Scale mail        |       |    36 ||    36
Dodge: Dodged            |   109 |    94 ||   203
